 Dungeon Crawl Stone Soup version 0.29-a0-96-g93358da72b (webtiles) character file.

Game seed: 8033317172905282239

2 Sweetruy1997 the Skirmisher (level 1, 0/18 HPs)
             Began as a Demonspawn Chaos Knight on Feb 13, 2022.
             Was a Plaything of Xom.
             Slain by a harpy (shapeshifter) (2 damage)
             ... on level 1 of the Dungeon.
             The game lasted 00:00:33 (269 turns).

Sweetruy1997 the Skirmisher (DsCK)                   Turns: 269, Time: 00:00:34

Health: 0/18       AC:  5    Str: 12    XL:     1   Next: 25%
Magic:  1/1        EV: 11    Int: 13    God:    Xom [*.....]
Gold:   0          SH:  0    Dex: 12    Spells: 0/0 levels left

rFire   . . .      SeeInvis .   a - +0 falchion (chaos)
rCold   . . .      Faith    .   (no shield)
rNeg    . . .      Spirit   .   b - +2 leather armour
rPois   .          Reflect  .   (no helmet)
rElec   .          Harm     .   (no cloak)
rCorr   .          Rampage  .   (no gloves)
Will    .....                   (no boots)
Stlth   +.........              (no amulet)
HPRegen 0.06/turn               (no ring)
MPRegen 0.07/turn               (no ring)

@: no status effects
A: no striking features
a: Renounce Religion


You were on level 1 of the Dungeon.
You worshipped Xom.
You were a special plaything of Xom.
You visited 1 branch of the dungeon, and saw 1 of its levels.

Inventory:

Hand Weapons
 a - a +0 falchion of chaos (weapon)
Armour
 b - a +2 leather armour (worn)
Potions
 c - a potion of lignification {unknown}


   Skills:
 + Level 3.0 Fighting
 + Level 2.8 Long Blades
 + Level 1.8 Armour
 + Level 0.8 Dodging


You couldn't memorise any spells.
You didn't know any spells.
Your spell library was empty.

Dungeon Overview and Level Annotations

Branches:
Dungeon (1/15)

Altars:


Message History

c - a metallic silvery potion You see here a +0 short sword.
You feel yourself speed up.
Found a stone staircase leading down.
You recover from your berserk rage.
Found 19 stones.
You see here 19 stones.
You open the door.
There is an open door here.
There is a stone staircase leading down here.
You open the door.
There is an open door here.
As you open the door, it creaks loudly!
A dart slug comes into view.
There is an open door here.
Xom twists space around you.
Your surroundings suddenly seem different.
Your surroundings suddenly seem different.
Unknown command.
No target in view!
A dart slug is nearby!
A dart slug is nearby!
There is an open door here.
You hit the dart slug.
The dart slug is moderately wounded.
The dart slug launches a dart at you.
The slug dart hits you but does no damage.
You hit the dart slug.
The dart slug changes into a shapeshifter!
The shapeshifter changes into a harpy!
You slash the harpy!
The harpy suddenly seems more agile.
Xom thinks this is hilarious!
The harpy is lightly wounded.
The harpy claws you!
Ouch! That really hurt!
The harpy claws you!
* * * LOW HITPOINT WARNING * * *
The harpy barely misses you. x2; The harpy claws you.
You die...
Xom is highly amused!

###### #####
##########....##########
#...#
#>.......@....'.........
#...#
#.########H...##########
#...# #.# #....#
#...####.# #....#
'...+..#.# ######
#...##.#.########
####.#..........# #
#...#.######.#
####.#.#......#.#


You could see a harpy shaped shifter (agile).

Vanquished Creatures
  A bat (D:1)
  A kobold (D:1)
  A rat (D:1)
3 creatures vanquished.

Notes
Turn   | Place    | Note
-------+----------+-------------------------------------------
     0 | D:1      | Sweetruy1997 the Demonspawn Chaos Knight began the quest
                  | for the Orb.
     0 | D:1      | Reached XP level 1. HP: 18/18 MP: 1/1
    73 | D:1      | Found a faded altar of an unknown god.
   112 | D:1      | XOM: potion effect (berserk rage)
   200 | D:1      | XOM: 2-stop teleportation journey
   267 | D:1      | Noticed a shapeshifter
   267 | D:1      | a dart slug changed into a shapeshifter
   267 | D:1      | Noticed a harpy
   267 | D:1      | a shapeshifter changed into a harpy
   269 | D:1      | Slain by a harpy (shapeshifter)

Illustrated notes

Levels and vault maps discovered:
D:1:      evilmike_arrival_crescent, layout_basic, ebering_ecumenical_altar_hall

Action                   || total
-------------------------++-------
Melee: Falchion          ||    10
Armor: Leather armour    ||     3
Dodge: Dodged            ||     8

Table legend: (Time is in decaauts)
 A = Elapsed time spent in this place.
 B = Non-inter-level travel time spent in this place.
 C = Inter-level travel time spent in this place.
 D = Time resting spent in this place.
 E = Time spent auto-exploring this place.
 F = Levels seen in this place.
 G = Mean time per level.
                   A        B        C        D        E       F      G
               +--------+--------+--------+--------+--------+-----+--------+
         Total |    280 |    280 |      0 |      1 |    244 |   1 |  280.0 |
       Dungeon |    280 |    280 |      0 |      1 |    244 |   1 |  280.0 |
               +--------+--------+--------+--------+--------+-----+--------+

Top non-repeatable levels by time:
     D:1: 280 daAuts
